 Dungeon Crawl Stone Soup version 0.30-a0-313-gae38170b09 (webtiles) character file.

Game seed: 14590018690597553908

139984 Bnni the Imperceptible (level 17, -12/93 HPs)
             Began as a Vine Stalker Brigand on Oct 26, 2022.
             Was a Believer of Uskayaw.
             Mangled by Donald
             ... wielding a +0 double sword of holy wrath
              (14 damage)
             ... on level 2 of the Snake Pit.
             The game lasted 01:31:06 (25406 turns).

Bnni the Imperceptible (Vine Stalker Brigand)      Turns: 25406, Time: 01:31:07

Health: -12/93     AC: 20    Str: 15    XL:     17   Next: 29%
Magic:  0/36       EV: 18    Int: 11    God:    Uskayaw [**....]
Gold:   1197       SH:  7    Dex: 26    Spells: 16/16 levels left

rFire   . . .      SeeInvis .    a - +7 captain's cutlass {speed, disarm}
rCold   . . .      Faith    .    T - +0 buckler
rNeg    . . .      Spirit   +    J - +1 steam dragon scales
rPois   .          Reflect  .    c - +1 helmet
rElec   .          Harm     .    E - +1 cloak
rCorr   +          Rampage  .    F - +2 pair of gloves {hurl}
Will    ++...                    Z - +2 pair of boots {Stlth+}
Stlth   ++++++++++               m - amulet of Vitality {RegenMP++ Regen++}
HPRegen 2.75/turn                X - ring "Oriolih" {rCorr MP+9 Dex+3}
MPRegen 1.05/turn                G - +4 ring of protection

@: lethally poisoned (-12 -> -12)
A: fangs 3, regeneration 1, magic shield, antimagic bite, no potion heal 2
a: Renounce Religion, Stomp, Line Pass


You were on level 2 of the Snake Pit.
You worshipped Uskayaw.
Uskayaw was pleased with you.
You visited 5 branches of the dungeon, and saw 25 of its levels.
You also visited: Bailey.

You collected 3544 gold pieces.
You spent 2347 gold pieces at shops.

Inventory:

Hand Weapons
 a - the +7 captain's cutlass (weapon) {speed, disarm}
   (You found it on level 11 of the Dungeon)

   Attacks with this weapon are significantly faster.
   It may disarm weapon-wielding foes when striking them, dealing extra damage
   in the process.
 o - the +8 dagger of Suicidal Tendencies {flame, rCorr Int+6}
   (You found it on level 5 of the Lair of Beasts)

   It burns those it strikes, dealing additional fire damage.
   Int:       It affects your intelligence (+6).
   rCorr:     It protects you from acid and corrosion.
 U - a +4 sling of electrocution
Missiles
 d - 42 poisoned darts (quivered)
 e - 10 curare-tipped darts
 i - 2 datura-tipped darts
 l - 4 javelins
 I - 4 boomerangs
 P - 7 throwing nets
 V - 13 atropa-tipped darts
Armour
 c - a +1 helmet (worn)
 E - a +1 cloak (worn)
 F - a +2 pair of gloves of hurling (worn)
 J - +1 steam dragon scales (worn)
 T - a +0 buckler (worn)
 Z - a +2 pair of boots of stealth (worn)
Jewellery
 j - a ring of ice
 m - the amulet of Vitality (around neck) {RegenMP++ Regen++}
   (You bought it in a shop on level 1 of the Snake Pit)

   [amulet of magic regeneration]

   It increases your rate of magic regeneration.
   Regen:     It increases your rate of health regeneration.
 G - a +4 ring of protection (right hand)
 M - an amulet of faith
 Q - a ring of ice
 X - the ring "Oriolih" (left hand) {rCorr MP+9 Dex+3}
   (You bought it in a shop on level 5 of the Dungeon)

   [ring of magical power]

   Dex:       It affects your dexterity (+3).
   MP:        It affects your magic capacity (+9).
   rCorr:     It protects you from acid and corrosion.
 Y - a ring of flight
Wands
 g - a wand of iceblast (12)
 A - a wand of mindburst (44)
 K - a wand of paralysis (21)
 O - a wand of digging (21)
Scrolls
 b - a scroll of fear
 h - 7 scrolls of poison
 k - 6 scrolls of magic mapping
 s - 6 scrolls of fog
 y - 5 scrolls of amnesia
 z - 3 scrolls of blinking
 C - 9 scrolls of identify
 H - 5 scrolls of enchant weapon
 L - 2 scrolls of enchant armour
 N - 10 scrolls of teleportation
 W - 4 scrolls of summoning
Potions
 f - 3 potions of resistance
 n - 4 potions of haste
 p - 6 potions of might
 q - 3 potions of lignification
 t - 3 potions of ambrosia
 u - a potion of cancellation
 x - 6 potions of mutation
 B - 7 potions of attraction
 D - 18 potions of curing
 R - 3 potions of invisibility
 S - a potion of berserk rage


   Skills:
 + Level 11.8 Fighting
 - Level 14.0 Short Blades
 - Level 6.0 Throwing
 + Level 7.3 Dodging
 * Level 22.2 Stealth
 - Level 5.0 Shields
 * Level 12.2 Invocations
 - Level 0.3 Evocations


You had 16 spell levels left.
You didn't know any spells.
Your spell library contained the following spells:

 Spells                   Type           Power      Damage    Failure   Level
 Freeze                   Ice            0%         1d3       41%         1
 Sandblast                Erth           0%         2d4       41%         1
 Blink                    Tloc           0%         N/A       56%         2
 Ensorcelled Hibernation  Hex/Ice        0%         N/A       56%         2
 Passwall                 Tmut/Erth      0%         N/A       56%         2
 Sublimation of Blood     Necr           0%         N/A       56%         2
 Call Canine Familiar     Summ           0%         N/A       80%         3
 Dazzling Flash           Conj/Hex       0%         N/A       80%         3
 Frozen Ramparts          Ice            0%         1d1       80%         3
 Hailstorm                Conj/Ice       0%         3d3       80%         3
 Ignite Poison            Fire/Tmut/Pois 0%         N/A       80%         3
 Kindle Blastsparks       Fire/Tloc/Air  0%         2d10      80%         3
 Spider Form              Tmut/Pois      0%         N/A       80%         3
 Stone Arrow              Conj/Erth      0%         3d7       80%         3
 Swiftness                Air            0%         N/A       80%         3
 Tukima's Dance           Hex            0%         N/A       80%         3
 Vhi's Electric Charge    Tloc/Air       0%         N/A       80%         3
 Anguish                  Hex/Necr       0%         N/A       99%         4
 Animate Armour           Summ/Erth      0%         N/A       99%         4
 Fulminant Prism          Conj/Hex       0%         3d6       99%         4
 Ice Form                 Ice/Tmut       0%         N/A       99%         4
 Iskenderun's Mystic Bla  Conj/Tloc      0%         2d3       99%         4
 Manifold Assault         Tloc           0%         N/A       99%         4
 Passage of Golubria      Tloc           0%         N/A       99%         4
 Petrify                  Tmut/Erth      0%         N/A       99%         4
 Sticky Flame             Conj/Fire      0%         2d3       99%         4
 Summon Ice Beast         Ice/Summ       0%         N/A       99%         4
 Arcjolt                  Conj/Air       0%         1d10      100%        5
 Borgnjor's Vile Clutch   Necr/Erth      0%         N/A       100%        5
 Irradiate                Conj/Tmut      0%         3d11      100%        5
 Lee's Rapid Deconstruct  Erth           0%         3d4*      100%        5
 Summon Mana Viper        Hex/Summ       0%         N/A       100%        5
 Yara's Violent Unravell  Hex/Tmut       0%         3d3       100%        5
 Simulacrum               Ice/Necr       0%         N/A       100%        6
 Starburst                Conj/Fire      0%         6d3       100%        6
 Statue Form              Tmut/Erth      0%         N/A       100%        6
 Monstrous Menagerie      Summ           0%         N/A       100%        7
 Storm Form               Tmut/Air       0%         N/A       100%        7
 Ignition                 Fire           0%         3d3       100%        8
 Lehudib's Crystal Spear  Conj/Erth      0%         10d2      100%        8
 Maxwell's Capacitive Co  Air            0%         ∞         100%        8
 Polar Vortex             Ice            0%         N/A       100%        9


Dungeon Overview and Level Annotations

Branches:
Dungeon (15/15)            Temple (1/1) D:4            Lair (5/5) D:8
  Swamp (0/4) Lair:2        Snake (2/4) Lair:3        Slime (0/5) Lair:5
    Orc (2/2) D:11            Elf (0/3) Orc:2        Vaults (0/5) D:13
 Depths (0/4) D:15         Bailey (visited)

Altars:
Ashenzari
Cheibriados
Dithmenos
Elyvilon
Fedhas
Gozag
Hepliaklqana
Kikubaaqudgha
Makhleb
Nemelex Xobeh
Okawaru
Qazlal
Ru
Sif Muna
Trog
Uskayaw
Vehumet
Wu Jian
Xom
Yredelemnul
Zin
The Shining One
Jiyva

Shops:
D:5 =   Orc:2 *[[:   Snake:1 :=:

Portals:
Trove: D:12 (give 9 potions of haste)

Annotations:
Snake:2 Donald


Innate Abilities, Weirdness & Mutations

You have razor-sharp teeth.
Your natural rate of healing is unusually fast.
When hurt, damage is shared between your health and your magic reserves.
Your bite disrupts and absorbs the magic of your enemies.
Potions cannot restore your health.


Message History

You feel sick. The naga mage spits poison at you.
The splash of poison hits you.
You are more poisoned.
The anaconda misses you. The anaconda constricts you.
Donald hits you but does no damage.
The naga sharpshooter shoots a bolt.
You block the bolt.
The naga mage hits you but does no damage.
You block the anaconda's attack. The anaconda constricts you.
You can now pass through a line of other dancers.
You stomp with the beat, sending a shockwave through the revellers around you!
Donald is almost dead.
The anaconda is heavily wounded.
The naga mage is severely wounded.
You can no longer pass through a line of other dancers.
You feel sick. You block Donald's attack. The anaconda completely misses you.
The anaconda constricts you. The naga mage hits you with a +0 club.
The naga sharpshooter shoots a bolt.
You block the bolt.
Donald hits you with a +0 double sword of holy wrath!!
* * * LOW HITPOINT WARNING * * *
You can now pass through a line of other dancers.
Donald blocks your attack. x2
Donald is almost dead.
The anaconda completely misses you. The anaconda constricts you.
The naga mage hits you with a +0 club!
* * * LOW HITPOINT WARNING * * *
The sea snake closely misses you.
Unknown command.
As you read the scroll of fear, it crumbles to dust.
You assume a fearsome visage.
Donald resists with some effort.
The naga sharpshooter easily resists.
The anaconda looks frightened!
The naga mage resists with almost no effort.
The sea snake looks frightened!
You feel sick. The anaconda loses its grip on you.
Donald hits you with a +0 double sword of holy wrath!!
* * * LOW HITPOINT WARNING * * *
The naga mage spits poison at you. The splash of poison misses you.
Donald hits you with a +0 double sword of holy wrath!
You die...

#.. }..##
#..##....#
#..#.....##.
##...........
#............
#.....)S.....
#..............
#....@@........
#.....N........
#.N............
#....S.........
#..............
#..............
#......<.......
#.............#
#....###..#####


You could see Donald (fast, strong, magic disrupted), a naga sharpshooter, a sea
snake (curare, fleeing), an anaconda (fleeing) and a naga mage (fast).

Vanquished Creatures
  Saint Roka (Orc:2)
  Rupert (Orc:2)
  Jorgrun (Orc:2)
  Gastronok (D:8)
  The ghost of Viumn the Severer, an adept MiBe of Trog (D:14)
  Kirke (Lair:3)
  Roxanne (D:14)
  2 shadow dragons (D:12)
  A vampire knight (D:12)
  Azrael (D:12)
  Snorg (D:14)
  2 ettins (D:13)
  An entropy weaver (shapeshifter) (D:12)
  An ogre mage (D:13)
  6 hydras
  2 vault guards (D:13)
  2 anacondas (Snake:1)
  4 two-headed ogres
  Erica (D:8)
  6 death yaks (Lair:5)
  7 boulder beetles
  4 naga warriors (Snake:1)
  10 centaur warriors
  A tengu warrior (D:14)
  A shock serpent (Snake:2)
  2 orc high priests (Orc:2)
  A naga sharpshooter (Snake:1)
  Amaemon (D:8)
  Urug (Orc:2)
  Nergalle (D:12)
  2 fire crabs (Lair:2)
  6 skeletal warriors (D:14)
  A goliath frog (Lair:5)
  2 necromancers
  2 wizards (D:14)
  5 orc knights
  2 mana vipers (Snake:1)
  6 deep elf pyromancers
  A wolf spider (D:15)
  18 ugly things
  5 manticores
  3 salamanders
  7 cyclopes
  7 black mambas
  5 elephants (Lair:5)
  Joseph (D:8)
  A torpor snail (Lair:3)
  A naga mage (Snake:1)
  3 gargoyles
  An eye of devastation (shapeshifter) (D:15)
  An orange demon (D:8)
  22 cane toads
  A yaktaur (D:15)
  3 unseen horrors
  11 rime drakes
  11 komodo dragons
  Maggie (D:8)
  3 efreet
  2 kobold demonologists
  A tengu conjurer (D:14)
  A meliai (D:13)
  14 trolls
  A queen bee (shapeshifter) (D:14)
  A hornet (D:9)
  2 polar bears
  2 merfolk
  23 blink frogs
  A wind drake (shapeshifter) (D:14)
  2 dream sheep (Lair:3)
  A blink frog (shapeshifter) (D:13)
  2 tyrant leeches (Lair:5)
  16 slime creatures
  Prince Ribbit (D:8)
  Sigmund (D:2)
  A shadow (D:12)
  A centaur simulacrum (D:12)
  4 vampires
  6 wraiths
  48 yaks
  A fire bat (Lair:2)
  8 wyverns
  6 fire elementals
  A golden eye (shapeshifter) (D:12)
  3 steam dragons
  3 hogs (D:11)
  Grum (Bailey)
  8 basilisks
  9 humans (D:13)
  19 vampire mosquitoes
  Menkaure (D:5)
  2 wargs
  10 nagas
  2 acid dragons
  11 water moccasins
  Duvessa (D:4)
  5 hell hounds
  An ice beast (D:6)
  10 black bears
  39 orc warriors
  A black bear (shapeshifter) (D:13)
  29 wolves
  7 ogres
  26 centaurs
  4 kobold brigands
  22 bullfrogs
  11 gnoll sergeants
  4 wights (D:8)
  Dowan (D:4)
  14 killer bees
  12 electric eels
  13 howler monkeys
  10 gnoll boudas
  17 orc priests
  7 hounds
  Crazy Yiuf (D:4)
  5 iguanas
  18 orc wizards
  10 hell rats (Lair:5)
  2 polar bear simulacra (D:10)
  A wolf simulacrum (D:10)
  5 yak simulacra (D:10)
  8 adders
  16 gnolls
  3 shadow imps
  A white imp (D:4)
  An ufetubus (D:5)
  2 worms
  2 dart slugs
  56 orcs
  9 bats
  4 endoplasms
  4 giant cockroaches
  11 goblins
  6 hobgoblins
  14 kobolds
  5 quokkas
  3 ball pythons
  A frilled lizard (D:3)
  6 rats
  3 river rat simulacra (D:10)
845 creatures vanquished.

Vanquished Creatures (others)
  A vault guard (D:13)
  A wolf (Lair:3)
  A centaur (D:13)
  An orc wizard (D:11)
  5 orcs
  24 fungi
  173 plants
206 creatures vanquished.

Grand Total: 1051 creatures vanquished

Notes
Turn   | Place    | Note
-------+----------+-------------------------------------------
     0 | D:1      | Bnni the Vine Stalker Brigand began the quest for the Orb.
     0 | D:1      | Reached XP level 1. HP: 11/11 MP: 2/2
   136 | D:1      | Reached skill level 5 in Stealth
   136 | D:1      | Reached XP level 2. HP: 15/15 MP: 3/3
   501 | D:1      | Reached XP level 3. HP: 18/18 MP: 4/4
   600 | D:2      | Noticed Sigmund
   614 | D:2      | Killed Sigmund
   615 | D:2      | Reached skill level 6 in Stealth
   615 | D:2      | Gained mutation: Your natural rate of healing is unusually
                  | fast. [Vine Stalker growth]
   615 | D:2      | Reached XP level 4. HP: 12/24 MP: 3/5
   615 | D:2      | Reached XP level 5. HP: 14/28 MP: 3/6
  1009 | D:2      | Reached XP level 6. HP: 25/32 MP: 4/7
  1305 | D:2      | Identified the ring of the Monkey's Uncle {Str+6 Dex+5}
  1828 | D:3      | Found a bloodstained altar of Trog.
  1909 | D:3      | Reached skill level 7 in Stealth
  1909 | D:3      | Reached XP level 7. HP: 34/36 MP: 8/8
  2347 | D:4      | Found a staircase to the Ecumenical Temple.
  2356 | Temple   | Entered the Ecumenical Temple
  2445 | Temple   | Became a worshipper of Uskayaw the Reveller
  2529 | D:4      | Reached * piety under Uskayaw
  2594 | D:4      | Reached ** piety under Uskayaw
  2710 | D:4      | Reached skill level 5 in Short Blades
  2710 | D:4      | Reached skill level 1 in Invocations
  2915 | D:4      | Noticed Dowan
  2934 | D:4      | Noticed Duvessa
  2950 | D:4      | Killed Duvessa
  2951 | D:4      | Killed Dowan
  3002 | D:4      | Found a runed translucent door.
  3007 | D:4      | Noticed Crazy Yiuf
  3014 | D:4      | Killed Crazy Yiuf
  3129 | D:5      | Entered Level 5 of the Dungeon
  3160 | D:5      | Reached *** piety under Uskayaw
  3162 | D:5      | Reached skill level 8 in Stealth
  3163 | D:5      | Gained mutation: You have razor-sharp teeth. [Vine Stalker
                  | growth]
  3163 | D:5      | Reached XP level 8. HP: 42/42 MP: 10/10
  3163 | D:5      | Reached **** piety under Uskayaw
  3223 | D:5      | Noticed Menkaure
  3247 | D:5      | Killed Menkaure
  3292 | D:5      | Found Xova's Jewellery Boutique.
  3317 | D:5      | Reached skill level 9 in Stealth
  3324 | D:5      | Reached ***** piety under Uskayaw
  4121 | D:6      | Reached XP level 9. HP: 46/46 MP: 12/12
  4520 | D:7      | Found a sparkling altar of Nemelex Xobeh.
  4667 | D:7      | Reached skill level 10 in Stealth
  4744 | D:7      | Reached skill level 5 in Fighting
  5242 | D:8      | Noticed Joseph
  5247 | D:8      | Killed Joseph
  5358 | D:8      | Reached skill level 11 in Stealth
  5363 | D:8      | Noticed a komodo dragon
  5365 | D:8      | Killed a komodo dragon
  5398 | D:8      | Reached XP level 10. HP: 51/52 MP: 12/14
  5431 | D:8      | Found a staircase to the Lair.
  5811 | D:8      | Noticed Gastronok
  5825 | D:8      | Killed Gastronok
  5826 | D:8      | Reached skill level 12 in Stealth
  5826 | D:8      | Reached skill level 5 in Invocations
  5970 | D:8      | Noticed Maggie
  5993 | D:8      | Killed Maggie
  6154 | D:8      | Found a hazy altar of Hepliaklqana.
  6154 | D:8      | Found a glowing golden altar of the Shining One.
  6214 | D:8      | Noticed Erica
  6215 | D:8      | Noticed Prince Ribbit
  6219 | D:8      | Noticed Amaemon
  6228 | D:8      | Noticed an orange demon
  6363 | D:8      | Killed Amaemon
  6371 | D:8      | HP: 2/53 [poisoned by Amaemon]
  6519 | D:8      | Killed Prince Ribbit
  6561 | D:8      | Killed Erica
  6562 | D:8      | Reached skill level 13 in Stealth
  6562 | D:8      | Reached XP level 11. HP: 33/58 MP: 6/16
  7719 | D:5      | Bought an amulet of faith for 440 gold pieces
  7893 | D:9      | Reached skill level 14 in Stealth
  8471 | D:10     | Entered Level 10 of the Dungeon
  8502 | D:10     | Found a flagged portal.
  8544 | Bailey   | Entered a bailey
  8668 | Bailey   | Reached skill level 10 in Short Blades
  8987 | Bailey   | Noticed Grum
  9005 | Bailey   | Killed Grum
  9411 | D:10     | Noticed a necromancer
  9437 | D:10     | Killed a necromancer
 10254 | D:11     | Reached XP level 12. HP: 63/63 MP: 18/18
 10276 | D:11     | Reached ****** piety under Uskayaw
 10378 | D:11     | Reached skill level 15 in Stealth
 11028 | D:11     | Noticed a two-headed ogre
 11056 | D:11     | Killed a two-headed ogre
 11057 | D:11     | Reached skill level 5 in Throwing
 11110 | D:11     | Found a broken altar of Ashenzari.
 11271 | D:11     | Reached skill level 1 in Dodging
 11283 | D:11     | Found the +7 captain's cutlass {speed, disarm}
 11284 | D:11     | Found the +8 frozen axe "Frostbite" {freezing cloud, *Noise
                  | Fly rC+}
 11570 | D:11     | Found a staircase to the Orcish Mines.
 12330 | D:12     | Identified the +5 falchion of Pyromania {freeze, rElec}
 12330 | D:12     | Noticed a two-headed ogre
 12335 | D:12     | Killed a two-headed ogre
 12336 | D:12     | Reached skill level 1 in Shields
 12538 | D:12     | Reached skill level 16 in Stealth
 12909 | D:12     | Reached XP level 13. HP: 66/68 MP: 18/20
 13444 | D:12     | Noticed a shadow dragon
 13444 | D:12     | Noticed a vampire knight
 13445 | D:12     | Noticed a shadow dragon
 13445 | D:12     | Noticed Nergalle
 13446 | D:12     | Killed Nergalle
 13572 | D:12     | Found a portal to a secret trove of treasure.
 13625 | D:12     | Noticed Azrael
 13632 | D:12     | Killed Azrael
 13697 | D:12     | Reached skill level 17 in Stealth
 14104 | D:13     | Killed a vault guard
 14113 | D:13     | Reached skill level 5 in Shields
 14342 | D:13     | Reached XP level 14. HP: 49/75 MP: 21/21
 14431 | D:13     | Identified the +7 shortbow of Bile {drain, Will+ rCorr}
 14755 | D:13     | Reached skill level 18 in Stealth
 14764 | D:13     | Found a gate to the Vaults.
 15131 | D:13     | Identified the amulet "Viugaig" {Acrobat Str+4 Int+4 Dex-4}
 15232 | D:13     | Identified the +5 scale mail "Eddirr" {Str+4}
 15265 | D:13     | Identified a scroll of acquirement
 15265 | D:13     | Acquired 845 gold pieces
 15513 | D:14     | Noticed Snorg
 15524 | D:14     | Killed Snorg
 15699 | D:14     | Identified Roxanne's Volume of the Geologist
 15699 | D:14     | Noticed Roxanne
 15739 | D:14     | Found a runed translucent door.
 15741 | D:14     | Noticed Viumn's ghost (adept MiBe)
 15749 | D:14     | Killed Viumn's ghost
 15811 | D:14     | Reached XP level 15. HP: 80/80 MP: 23/23
 16076 | D:14     | Killed Roxanne
 16077 | D:14     | Reached skill level 19 in Stealth
 16120 | D:15     | Entered Level 15 of the Dungeon
 16138 | D:15     | Reached skill level 10 in Invocations
 16140 | D:15     | Reached skill level 10 in Fighting
 16359 | D:15     | Found a staircase to the Depths.
 17399 | D:12     | Killed a shadow dragon
 17457 | D:12     | Killed a shadow dragon
 17464 | D:12     | Identified the +5 shortbow of the End {flame, rC+ Stlth+}
 17837 | Lair:1   | Entered Level 1 of the Lair of Beasts
 17871 | Lair:1   | Reached skill level 5 in Dodging
 18204 | Lair:1   | You fall into a shaft and drop 1 floor!
 18204 | Lair:2   | Found a staircase to the Swamp.
 18949 | Lair:2   | Found a transporter.
 18980 | Lair:2   | Found a transporter.
 19015 | Lair:2   | Reached skill level 20 in Stealth
 19579 | Lair:3   | Found a staircase to the Snake Pit.
 19936 | Lair:3   | Identified the +3 rapier of Bisogiov {venom, Dex+3}
 19936 | Lair:3   | Noticed Kirke
 19950 | Lair:3   | Killed Kirke
 19951 | Lair:3   | Reached XP level 16. HP: 80/86 MP: 25/25
 20788 | Lair:4   | Got the Parchment of the Gathering and the Winter
 21058 | Lair:5   | Entered Level 5 of the Lair of Beasts
 21456 | Lair:5   | Reached skill level 21 in Stealth
 21532 | Lair:5   | Identified the +8 dagger of Suicidal Tendencies {flame,
                  | rCorr Int+6}
 21904 | Lair:5   | Found a staircase to the Slime Pits.
 21904 | Lair:5   | Found a viscous altar of Jiyva.
 22430 | Orc:1    | Entered Level 1 of the Orcish Mines
 22706 | Orc:2    | Entered Level 2 of the Orcish Mines
 22706 | Orc:2    | Noticed Saint Roka
 22864 | Orc:2    | Killed Saint Roka
 23145 | Orc:2    | Found a staircase to the Elven Halls.
 23193 | Orc:2    | Reached XP level 17. HP: 89/91 MP: 26/26
 23209 | Orc:2    | Noticed Jorgrun
 23233 | Orc:2    | Killed Jorgrun
 23407 | Orc:2    | Noticed Rupert
 23420 | Orc:2    | Killed Rupert
 23421 | Orc:2    | Reached skill level 22 in Stealth
 23456 | Orc:2    | Noticed Urug
 23459 | Orc:2    | Killed Urug
 23726 | Orc:2    | Found Cudam's Armour Shop.
 23726 | Orc:2    | Found Nagreih's Armour Shoppe.
 23728 | Orc:2    | Found Eczerr's Book Emporium.
 23730 | Orc:2    | Found Seskia's General Store.
 23742 | Orc:2    | Bought a potion of berserk rage for 80 gold pieces
 24022 | D:5      | Bought the ring "Oriolih" {rCorr MP+9 Dex+3} for 427 gold
                  | pieces
 24283 | Snake:1  | Entered Level 1 of the Snake Pit
 24716 | Snake:1  | Found Wakoiss's Book Emporium.
 24729 | Snake:1  | Found Kufad's Jewellery Shop.
 24730 | Snake:1  | Found Zivo's Book Emporium.
 24743 | Snake:1  | Bought the amulet of Vitality {RegenMP++ Regen++} for 1400
                  | gold pieces
 24743 | Snake:1  | Found the amulet of Vitality {RegenMP++ Regen++}
 25336 | Snake:2  | Noticed Donald
 25406 | Snake:2  | HP: 2/93 [Donald/+0 double sword of holy wrath (18)]
 25406 | Snake:2  | Mangled by Donald

Illustrated notes

Levels and vault maps discovered:
D:1:      wheals_arrival_shading, layout_basic
D:2:      layout_basic, uniq_sigmund
D:3:      minmay_diamond_boxcup, layout_basic, lemuel_round_altar
D:4:      layout_cave_pools, minmay_temple_entry_sparse_star,
          uniq_crazy_yiuf_cottage, uniq_duvessa
D:5:      layout_cave_pools, serial_shops, nicolae_shop_waterfront,
          kennysheep_generic_room_14, uniq_menkaure
D:6:      layout_cave_pods
D:7:      layout_loops_ring, nemelex_spade_bored_becter
D:8:      layout_loops_corners, gammafunk_temple_overflow_statue,
          erik_lair_dragon, chequers_serial_rivers_micro_d, uniq_joseph,
          uniq_amaemon, uniq_gastronok, uniq_maggie, uniq_erica,
          uniq_prince_ribbit1
D:9:      layout_layer_cave, serial_bayou_lagoon_a
D:10:     layout_basic, enter_bailey_5, eino_house_with_fridge
D:11:     kennysheep_town
D:12:     kennysheep_snake, layout_irregular_city,
          nicolae_trove_entry_crossroad, uniq_azrael, uniq_nergalle
D:13:     minmay_expanding_squares, layout_irregular_city,
          ximxim_vaults_locker_room
D:14:     hangedman_cross_stitches, layout_cave_pools,
          ebering_ghost_reflecting_pool, uniq_snorg, uniq_roxanne
D:15:     hangedman_depths_entry_try_elsewhere_first, layout_cave_pods
Temple:   regret_index_temple_mists
Lair:1:   layout_regular_city, minivault_19, chequers_serial_rivers_micro_d,
          grunt_megastairs_5
Lair:2:   gammafunk_cloud_chamber, layout_gridlike, minmay_swamp_entry_swarm,
          beast_lair_carwin_3, grunt_megastairs_4, infiniplex_staircase_pool
Lair:3:   layout_hall_layers, minmay_snake_entry_guardpost_small, uniq_kirke
Lair:4:   layout_long_grid
Lair:5:   minmay_lair_end_frog_pond, layout_misc_corridors, slime_entry_1,
          minmay_lair_drake_nest, lemuel_fruit_tree
Snake:1:  layout_onion_interference, minmay_shop_grove
Snake:2:  layout_onion_interference, serial_bayou_pond_c, st_stairs_12,
          nicolae_snake_ghostly_warrior_ritual, uniq_donald
Orc:1:    layout_caves, statue_in_the_mist_lemuel, hellmonk_bongcloud_opening
Orc:2:    st_orc_rangers, layout_caves, uniq_urug, uniq_saint_roka,
          uniq_jorgrun, uniq_rupert

Skill      XL: |  1  2  3  4  5  6  7  8  9 10 11 12 13 14 15 16 17 |
---------------+----------------------------------------------------+-----
Short Blades   | 2 3 4 5 6 7 9 10 11 12 13 14 | 14.0
Fighting       | 2 3 4 5 6 7 8 9 10 11 | 11.8
Stealth        | 5 6 7 8 9 11 13 14 16 17 18 20 21 22 | 22.2
Invocations    | 1 3 4 5 7 8 9 10 11 12 | 12.2
Throwing       | 3 6 |  6.0
Dodging        | 1 2 4 5 6 7 |  7.3
Shields        | 2 5 |  5.0
Evocations     | |  0.3

Action                   |  1- 3 |  4- 6 |  7- 9 | 10-12 | 13-15 | 16-18 || total
-------------------------+-------+-------+-------+-------+-------+-------++-------
Melee: Dagger            |    40 |    83 |   280 |   622 |       |     7 ||  1032
       Bite              |     6 |    22 |   108 |   322 |   348 |   245 ||  1051
       Punch             |       |       |     4 |    13 |       |       ||    17
       Rapier            |       |       |       |    14 |       |       ||    14
       Scimitar          |       |       |       |    11 |       |       ||    11
       Cutlass           |       |       |       |   111 |   788 |   638 ||  1537
       Short sword       |       |       |       |    22 |       |       ||    22
 Fire: Sling             |       |       |     6 |       |       |       ||     6
Throw: Dart              |     3 |       |     5 |    89 |    53 |    12 ||   162
       Throwing net      |       |       |       |     1 |     5 |       ||     6
Invok: Stomp             |       |       |     3 |     2 |       |     3 ||     8
       Line Pass         |       |       |     1 |     4 |     4 |       ||     9
       Grand Finale      |       |       |       |       |     1 |     6 ||     7
Evoke: Wand              |       |       |     3 |     1 |       |       ||     4
  Use: Scroll            |       |       |    14 |    14 |     7 |     2 ||    37
       Potion            |       |       |       |     2 |     4 |       ||     6
 Stab: Sleeping          |     6 |     8 |    18 |    31 |    45 |    31 ||   139
       Paralysed         |       |       |     7 |    34 |    67 |    53 ||   161
       Distracted        |       |       |     1 |     1 |     3 |     6 ||    11
       Confused          |       |       |     1 |     3 |     2 |       ||     6
       Invisible         |       |       |       |       |     1 |     3 ||     4
       Held in net/web   |       |       |       |       |     2 |       ||     2
Armor: Robe              |    12 |    19 |    67 |       |       |       ||    98
       Steam dragon scal |       |       |     1 |   239 |   151 |   121 ||   512
Dodge: Dodged            |    13 |    26 |   127 |   316 |   191 |   321 ||   994
Block: Buckler           |       |       |       |     4 |   122 |   149 ||   275

Table legend: (Time is in decaauts)
 A = Elapsed time spent in this place.
 B = Non-inter-level travel time spent in this place.
 C = Inter-level travel time spent in this place.
 D = Time resting spent in this place.
 E = Time spent auto-exploring this place.
 F = Levels seen in this place.
 G = Mean time per level.
                   A        B        C        D        E       F      G
               +--------+--------+--------+--------+--------+-----+--------+
         Total |  24167 |  21979 |   2188 |   1380 |  15093 |  26 |  929.5 |
       Dungeon |  16934 |  15294 |   1640 |   1079 |  10559 |  15 | 1128.9 |
        Temple |    144 |    120 |     24 |      0 |     90 |   1 |  144.0 |
          Lair |   4121 |   3831 |    290 |     56 |   2813 |   5 |  824.2 |
     Snake Pit |   1073 |    995 |     78 |      0 |    753 |   2 |  536.5 |
  Orcish Mines |   1241 |   1087 |    154 |    158 |    668 |   2 |  620.5 |
        Bailey |    653 |    653 |      0 |     87 |    209 |   1 |  653.0 |
               +--------+--------+--------+--------+--------+-----+--------+

Top non-repeatable levels by time:
    D:12: 2236 daAuts
    D:11: 2026 daAuts
     D:8: 1885 daAuts
     D:9: 1499 daAuts
    D:13: 1230 daAuts
 Snake:1: 1056 daAuts
    D:10: 1051 daAuts
    D:15: 966 daAuts
     D:2: 964 daAuts
  Lair:1: 893 daAuts
  Lair:5: 889 daAuts
  Lair:2: 845 daAuts
     D:7: 843 daAuts
   Orc:2: 798 daAuts
     D:6: 783 daAuts
